 Dungeon Crawl Stone Soup version 0.29.1-13-g9f3cf754e1 (webtiles) character file.

Game seed: 717741301099309978

134 hawla the Chiller (level 5, -3/38 HPs)
             Began as a Meteoran Ice Elementalist on Jan 29, 2023.
             Slain by a water moccasin zombie (5 damage)
             ... in an ossuary.
             The game lasted 00:04:30 (523 turns).

hawla the Chiller (Meteoran Ice Elementalist)        Turns: 523, Time: 00:04:31

Health: -3/38      AC:  9    Str:  9    XL:     5   Next: 69%
Magic:  2/11       EV: 12    Int: 18    God:
Gold:   61         SH:  0    Dex: 15    Spells: 3/11 levels left

rFire   + + .      SeeInvis .   g - +3 mace (protect)
rCold   . . .      Faith    .   (no shield)
rNeg    . . .      Spirit   .   e - +1 robe {rF+}
rPois   .          Reflect  .   (no helmet)
rElec   .          Harm     .   (no cloak)
rCorr   .          Rampage  .   (no gloves)
Will    .....                   (no boots)
Stlth   +.........              (no amulet)
HPRegen 0.12/turn               (no ring)
MPRegen 0.12/turn               (no ring)

@: brilliant, under a protective aura, glowing
A: sense surroundings 1, otherworldly, glowing, explore regen, hooves 1,
deformed body, fire resistance 1
a: no special abilities


You were in an ossuary.
You visited 1 branch of the dungeon, and saw 4 of its levels.
You also visited: Ossuary.

You collected 61 gold pieces.

Inventory:

Hand Weapons
 g - a +3 mace of protection (weapon)
Armour
 e - a +1 robe of fire resistance (worn)
Potions
 b - a potion of magic


   Skills:
 - Level 2.5 Dodging
 - Level 1.6 Stealth
 - Level 3.5 Spellcasting
 + Level 2.5 Conjurations
 - Level 5.8 Ice Magic


You had 3 spell levels left.
You knew the following spells:

 Your Spells              Type           Power      Damage    Failure   Level
a - Freeze                Ice            100%       1d11      1%          1
b - Frozen Ramparts       Ice            72%        1d11      4%          3
c - Hailstorm             Conj/Ice       27%        3d7       26%         4

Your spell library contained the following spells:

 Spells                   Type           Power      Damage    Failure   Level
 Ozocubu's Armour         Ice            36%        N/A       4%          3


Dungeon Overview and Level Annotations

Branches:
Dungeon (4/15) Zot: 2011  Ossuary (1/1) Zot: 436
 Temple: D:4-7

Altars:


Innate Abilities, Weirdness & Mutations

You passively map a small area around you.
You are easily found by Zot.
You glow in the dark.
You regain HP and MP as you explore.
You have large cloven feet.
Armour fits poorly on your strangely shaped body.
Your flesh is heat resistant. (rF+)


Message History

* * * LOW HITPOINT WARNING * * *
The centaur zombie kicks you.
* * * LOW HITPOINT WARNING * * *
It was a potion of brilliance.
You feel clever all of a sudden. The water moccasin zombie bites you.
* * * LOW HITPOINT WARNING * * *
The centaur zombie closely misses you. The centaur zombie barely misses you.
The gnoll zombie hits you but does no damage.
Your magical contamination has completely faded away.
Casting: Hailstorm (extremely dangerous; 26% risk of failure)
Confirm with . or Enter, or press ? or * to list all spells.
The spell is extremely dangerous to miscast (26% risk of failure)!
Continue anyway?
Okay, then.
Casting: Hailstorm (extremely dangerous; 26% risk of failure)
Confirm with . or Enter, or press ? or * to list all spells.
The spell is extremely dangerous to miscast (26% risk of failure)!
Continue anyway?
Casting: Hailstorm (extremely dangerous; 26% risk of failure)
Press: ? - help, Dir - look around, f - activate You feel a surge of power!
A cannonade of hail descends around you!
The hail pelts the adder zombie.
The adder zombie partially resists.
The adder zombie is severely damaged.
The centaur zombie hits you.
* * * LOW HITPOINT WARNING * * *
The centaur zombie kicks you.
* * * LOW HITPOINT WARNING * * *
The water moccasin zombie misses you.
Unknown command.
You hit the gnoll zombie.
Your weapon exudes an aura of protection.
The gnoll zombie is severely damaged.
The centaur zombie misses you.
The centaur zombie kicks you but does no damage.
The water moccasin zombie barely misses you.
The gnoll zombie closely misses you. The centaur zombie barely misses you.
The centaur zombie kicks you but does no damage.
The water moccasin zombie bites you but does no damage.
The gnoll zombie barely misses you. The water moccasin zombie bites you.
You die...

########## ##########
#.....@Z.# #........##
#......ZZ.###.........##
*.......Z...'...........#
...........'............
...8.......'.......8....
*
..8#8....#####....8#8...
...8...### ###...8....
......# ##....... ....#
##......


You could see an adder zombie, a water moccasin zombie, a gnoll zombie and a
centaur zombie.

Vanquished Creatures
  A bullfrog (D:3)
  A centaur zombie (Ossuary)
  2 adder zombies (Ossuary)
  2 worms (D:2)
  A dart slug (D:2)
  A ball python (D:1)
  A bat (D:2)
  2 endoplasms
  2 goblins (D:1)
  2 hobgoblins (D:1)
  A kobold (D:2)
  3 gnoll zombies (Ossuary)
  5 goblin zombies (Ossuary)
  2 hobgoblin zombies (Ossuary)
  3 orc zombies (Ossuary)
29 creatures vanquished.

Notes
Turn   | Place    | Note
-------+----------+-------------------------------------------
     0 | D:1      | hawla the Meteoran Ice Elementalist began the quest for the
                  | Orb.
     0 | D:1      | Reached XP level 1. HP: 14/14 MP: 5/5
    90 | D:1      | Reached XP level 2. HP: 13/20 MP: 1/6
   227 | D:2      | Reached skill level 5 in Ice Magic
   227 | D:2      | Reached XP level 3. HP: 19/26 MP: 5/8
   263 | D:3      | Noticed a bullfrog
   269 | D:3      | Killed a bullfrog
   270 | D:3      | Reached XP level 4. HP: 16/33 MP: 4/10
   270 | D:3      | Reached XP level 5. HP: 18/38 MP: 4/11
   282 | D:3      | Learned a level 3 spell: Frozen Ramparts
   302 | D:4      | Learned a level 4 spell: Hailstorm
   309 | D:4      | Found a sand-covered staircase.
   388 | Ossuary  | Entered an ossuary
   517 | Ossuary  | Gained mutation: Armour fits poorly on your strangely
                  | shaped body. [potion of mutation]
   517 | Ossuary  | Gained mutation: Your flesh is heat resistant. (rF+)
                  | [potion of mutation]
   517 | Ossuary  | Gained mutation: You have large cloven feet. [potion of
                  | mutation]
   521 | Ossuary  | HP: 1/38 [centaur zombie (1)]
   523 | Ossuary  | Slain by a water moccasin zombie

Illustrated notes

Levels and vault maps discovered:
D:1:      heliophobic_arrival_enchanted_forest, layout_basic,
          dreamdust_ecumenical_altar_grove
D:2:      layout_basic, minmay_misc_feat_tiny, hangedman_decor_peaks_small
D:3:      layout_rooms, nrook_mini_backslash
D:4:      layout_loops_corners, amethyst_overflow_temple_binary,
          lightli_ossuary_entry_decrepit_ruins, roderic_roman_lattice,
          kennysheep_pointless_box
Ossuary:  ossuary_hellmonk_silent_tomb

Skill      XL: |  1  2  3  4  5 |
---------------+----------------+-----
Ice Magic      | 5 |  5.8
Spellcasting   | 3 |  3.5
Conjurations   | 2 |  2.5
Dodging        | |  2.5
Stealth        | |  1.6

Action                   |  1- 3 |  4- 6 || total
-------------------------+-------+-------++-------
Melee: Unarmed           |     1 |     1 ||     2
       Mace              |       |    70 ||    70
       Punch             |       |     1 ||     1
 Cast: Freeze            |    25 |       ||    25
       Frozen Ramparts   |       |     3 ||     3
       Hailstorm         |       |     2 ||     2
  Use: Potion            |       |     4 ||     4
       Scroll            |       |     1 ||     1
Armor: Robe              |     2 |   101 ||   103
Dodge: Dodged            |    10 |    84 ||    94
